 Dungeon Crawl Stone Soup version 0.27-a0-899-ge2d0b17c59 (webtiles) character file.

Game seed: 18429010632546105059

5184 robertstho the Protected (level 10, 0/64 HPs)
             Began as a Gargoyle Fighter on Apr 5, 2021.
             Was an Initiate of the Shining One.
             Slain by a komodo dragon (7 damage)
             ... on level 9 of the Dungeon.
             The game lasted 00:12:15 (9962 turns).

robertstho the Protected (Gargoyle Fighter)         Turns: 9962, Time: 00:12:15

Health: 0/64       AC: 23    Str: 23    XL:     10   Next: 60%
Magic:  12/12      EV:  7    Int:  9    God:    the Shining One [......]
Gold:   416        SH: 11    Dex:  9    Spells: 9/9 levels left

rFire    . . .     SeeInvis .   a - +1 flail
rCold    . . .     Faith    .   c - +0 kite shield
rNeg     + . .     Spirit   .   k - +0 chain mail
rPois    ∞         Reflect  .   m - +2 helmet
rElec    +         Harm     .   (no cloak)
rCorr    .         Rampage  .   n - +0 pair of gloves
Will     .....                  (no boots)
Stlth    ..........             (no amulet)
HPRegen  0.20/turn              (no ring)
MPRegen  0.13/turn              (no ring)

@: glowing
A: AC +7, negative energy resistance 1, electricity resistance, torment
resistance 1, unbreathing 1, petrification resistance
a: Renounce Religion


You were on level 9 of the Dungeon.
You worshipped the Shining One.
The Shining One was noncommittal.
You visited 2 branches of the dungeon, and saw 10 of its levels.

You collected 488 gold pieces.
You spent 72 gold pieces at shops.

Inventory:

Hand Weapons
 a - a +1 flail (weapon)
Missiles
 u - 2 curare-tipped darts (quivered)
Armour
 c - a +0 kite shield (worn)
 k - a +0 chain mail (worn)
 m - a +2 helmet (worn)
 n - a +0 pair of gloves (worn)
Scrolls
 b - 3 scrolls of identify
 j - 3 scrolls of teleportation
 l - a scroll of immolation
 o - a scroll of enchant weapon
 r - a scroll of fear
 s - a scroll of blinking
 v - a scroll of fog
Potions
 h - a potion of curing
 p - a potion of flight
 q - a potion of mutation


   Skills:
 * Level 8.3 Fighting
 + Level 8.3 Maces & Flails
 * Level 9.2 Armour
 + Level 2.2 Dodging
 - Level 0.7 Stealth
 + Level 7.7 Shields
 * Level 3.4 Invocations
 + Level 0.7 Evocations


You had 9 spell levels left.
You didn't know any spells.
Your spell library contained the following spells:

 Spells                   Type           Power      Damage    Failure   Level
 Animate Skeleton         Necr           0%         N/A       99%         1
 Apportation              Tloc           0%         N/A       99%         1
 Corona                   Hex            0%         N/A       99%         1
 Magic Dart               Conj           0%         1d3       99%         1
 Summon Small Mammal      Summ           0%         N/A       99%         1
 Blink                    Tloc           N/A        N/A       100%        2
 Call Imp                 Summ           0%         N/A       100%        2
 Slow                     Hex            0%         N/A       100%        2
 Conjure Flame            Conj/Fire      0%         6-21      100%        3
 Mephitic Cloud           Conj/Pois/Air  0%         N/A       100%        3


Dungeon Overview and Level Annotations

Branches:
Dungeon (9/15)             Temple (1/1) D:7
   Lair: D:8-11         Orc: D:9-12

Altars:
Ashenzari
Cheibriados
Dithmenos
Fedhas
Gozag
Hepliaklqana
Kikubaaqudgha
Okawaru
Qazlal
Ru
Sif Muna
Trog
Uskayaw
Vehumet
Wu Jian
Xom
The Shining One
Beogh

Shops:
D:2 !

Annotations:
D:7 3 runed translucent doors, jasper's ghost, novice DsDe


Innate Abilities, Weirdness & Mutations

Your stone body is resilient. (AC +7)
You are immune to poison.
You resist negative energy. (rN+)
You are resistant to electric shocks. (rElec)
You are resistant to unholy torment.
You can survive without breathing.
You are immune to petrification.


Message History

You block the killer bee's attack.
You sock the killer bee!
The killer bee is severely wounded.
The killer bee stings you but does no damage. x2
You completely miss the killer bee.
The killer bee is severely wounded.
You block the killer bee's attack.
The killer bee stings you but does no damage.
You block the killer bee's attack.
You barely miss the killer bee.
The killer bee is severely wounded.
The killer bee completely misses you. You block the killer bee's attack.
You sock the killer bee!
You kill the killer bee!
You block the killer bee's attack.
You closely miss the killer bee. You block the killer bee's attack.
The killer bee closely misses you. You block the killer bee's attack.
You sock the killer bee!
You kill the killer bee!
You bludgeon the komodo dragon!!
The komodo dragon is heavily wounded.
The komodo dragon bites you!
You hit the komodo dragon.
The komodo dragon is heavily wounded.
The komodo dragon bites you. You block the komodo dragon's attack.
You sock the komodo dragon!
The komodo dragon is severely wounded.
The komodo dragon bites you.
You sock the komodo dragon!
The komodo dragon is almost dead.
The komodo dragon bites you!
* * * LOW HITPOINT WARNING * * *
You hit the komodo dragon.
The komodo dragon is almost dead.
The komodo dragon bites you!
* * * LOW HITPOINT WARNING * * *
You hit the komodo dragon but do no damage.
The komodo dragon is almost dead.
The komodo dragon bites you!
You die...
PPP.. #......#.# PPP.P

#......#.#
.PPP.P#......).########
P.....##.###.).)......######
PPP..P##.# ##.>..####.#....#
..PP...#.# #.##.# #.#.##.#
P..P...#.# #.##.# #......#
P.$......####.##.# ###.#.†##
PPP....#yySl@.##.# #.#..<#
PPP..###.#######.# #.#...#
P..P #.# ..# #.#...# P.. ...
#.#...# .. .### #.#.... . ..
#.##### .# #.


You could see a komodo dragon, a water moccasin and 2 killer bees.

Vanquished Creatures
  A two-headed ogre (D:6)
  A komodo dragon (D:9)
  A troll (D:8)
  A hornet (D:8)
  2 wyverns
  Eustachio (D:5)
  2 steam dragons
  6 water moccasins
  An acid dragon (D:6)
  A black bear (D:9)
  2 ogres (D:5)
  3 necrophages
  A sky beast (D:6)
  3 centaurs
  A phantom (D:4)
  2 kobold brigands
  A bullfrog (D:8)
  A wyvern zombie (D:6)
  A scorpion (D:6)
  2 water moccasin skeletons
  4 killer bees (D:9)
  A wight (D:6)
  2 bullfrog zombies (D:6)
  A centaur zombie (D:3)
  4 jellies
  3 orc priests
  A bullfrog skeleton (D:6)
  2 hounds
  3 iguanas
  6 orc wizards
  A killer bee zombie (D:9)
  A hound skeleton (D:4)
  A howler monkey zombie (D:8)
  8 adders
  4 gnolls (D:3)
  A shadow imp (D:7)
  2 white imps (D:6)
  3 ufetubi
  A worm (D:2)
  4 dart slugs
  16 orcs
  4 endoplasms
  6 giant cockroaches
  6 goblins
  5 hobgoblins
  16 jackals
  5 quokkas
  7 ball pythons
  3 bats
  4 frilled lizards
  12 kobolds
  5 rats
176 creatures vanquished.

Vanquished Creatures (others)
  26 fungi (D:9)
  30 plants (D:9)
56 creatures vanquished.

Grand Total: 232 creatures vanquished

Notes
Turn   | Place    | Note
-------+----------+-------------------------------------------
     0 | D:1      | robertstho the Gargoyle Fighter began the quest for the
                  | Orb.
     0 | D:1      | Reached XP level 1. HP: 14/14 MP: 1/1
     1 | D:1      | Noticed an electric eel
   145 | D:1      | Reached XP level 2. HP: 19/19 MP: 2/2
   183 | D:1      | Found a faded altar of an unknown god.
   320 | D:1      | Reached XP level 3. HP: 20/24 MP: 3/3
  1109 | D:2      | Reached XP level 4. HP: 25/29 MP: 4/4
  1255 | D:2      | Found Wilateyv's Distillery.
  1262 | D:2      | Bought a potion of degeneration for 12 gold pieces
  1262 | D:2      | Bought a potion of heal wounds for 60 gold pieces
  1664 | D:3      | Reached skill level 4 in Armour
  1720 | D:3      | Reached XP level 5. HP: 33/33 MP: 5/5
  1960 | D:3      | Found a broken altar of Ashenzari.
  2520 | D:4      | Reached XP level 6. HP: 24/39 MP: 6/6
  3333 | D:4      | HP: 2/40 [orc priest/divine providence (14)]
  3344 | D:5      | Entered Level 5 of the Dungeon
  3763 | D:5      | Found a shadowy altar of Dithmenos.
  3812 | D:5      | Reached skill level 5 in Fighting
  3812 | D:5      | Reached XP level 7. HP: 44/44 MP: 7/7
  3819 | D:5      | Reached skill level 5 in Armour
  3887 | D:5      | Reached skill level 1 in Dodging
  3964 | D:5      | Noticed Eustachio
  3990 | D:5      | Reached skill level 5 in Shields
  4006 | D:5      | Killed Eustachio
  4371 | D:4      | HP: 1/44 [orc priest/divine providence (14)]
  4949 | D:6      | Reached XP level 8. HP: 47/50 MP: 8/8
  4977 | D:6      | Noticed a two-headed ogre
  5191 | D:6      | Reached skill level 6 in Armour
  5387 | D:6      | Reached skill level 5 in Maces & Flails
  6308 | D:6      | Noticed a two-headed ogre
  6668 | D:6      | Killed a two-headed ogre
  6668 | D:6      | HP: 2/52 [necrophage (3)]
  6669 | D:6      | Reached skill level 7 in Armour
  6669 | D:6      | Reached XP level 9. HP: 2/57 MP: 9/9
  7198 | D:7      | Found a staircase to the Ecumenical Temple.
  7286 | D:7      | Reached skill level 8 in Armour
  7468 | Temple   | Entered the Ecumenical Temple
  8048 | D:7      | Found a runed translucent gate.
  8049 | D:7      | Found a runed translucent gate.
  8049 | D:7      | Noticed jasper's ghost (novice DsDe)
  8050 | D:7      | Found a runed translucent gate.
  8312 | D:8      | Found a glowing golden altar of the Shining One.
  8405 | D:8      | Became a worshipper of the Shining One
  8541 | D:8      | Reached skill level 1 in Invocations
  8609 | D:8      | Reached XP level 10. HP: 59/64 MP: 9/11
  9842 | D:9      | Reached skill level 9 in Armour
  9962 | D:9      | Slain by a komodo dragon

Illustrated notes

Levels and vault maps discovered:
D:1:      arrival_aquarium_a, layout_basic, basic_ecumenical_altar,
          corexii_item_surrounded_by_moat
D:2:      layout_rooms, serial_shops, shop, minmay_quadrilaterals
D:3:      layout_loops_corners, lemuel_doored_altar
D:4:      layout_cave_pods, nrook_campfire
D:5:      layout_basic, lemuel_round_altar, uniq_eustachio
D:6:      minmay_opposing_rooms, layout_cave_pods, minmay_misc_feat_rugged
D:7:      layout_loops_ring, minmay_temple_entry_glass,
          biasface_ghost_orc_armoury, minmay_misc_feat_columns
D:8:      layout_loops_corners, lemuel_crystal_altar, serial_glass,
          glass_columns_a, glass_columns_a, nicolae_water_bricks,
          minmay_crossroads
D:9:      layout_basic, grunt_temple_overflow_order_and_chaos_2,
          due_lair_maze_entry_diamond, minmay_unpleasant_kobolds
Temple:   eino_narrow_crystal_temple

Skill      XL: |  1  2  3  4  5  6  7  8  9 10 |
---------------+-------------------------------+-----
Fighting       | 4 5 7 8 |  8.3
Armour         | 4 5 7 8 9 |  9.2
Shields        | 4 5 6 7 |  7.7
Maces & Flails | 3 4 6 7 8 |  8.3
Dodging        | 1 2 |  2.2
Invocations    | 1 3 |  3.4
Stealth        | |  0.7
Evocations     | |  0.7

Action                   |  1- 3 |  4- 6 |  7- 9 | 10-12 || total
-------------------------+-------+-------+-------+-------++-------
Melee: Flail             |   137 |   260 |   315 |   123 ||   835
Evoke: Wand              |       |       |     4 |     6 ||    10
  Use: Potion            |     1 |     5 |     2 |       ||     8
       Scroll            |       |     7 |     2 |     4 ||    13
Armor: Scale mail        |   125 |    25 |       |       ||   150
       Chain mail        |       |   191 |   253 |    88 ||   532
       Skin              |       |     8 |       |       ||     8
Dodge: Dodged            |    78 |    93 |   125 |    43 ||   339
Block: Kite shield       |   108 |   170 |   220 |    86 ||   584

Table legend: (Time is in decaauts)
 A = Elapsed time spent in this place.
 B = Non-inter-level travel time spent in this place.
 C = Inter-level travel time spent in this place.
 D = Time resting spent in this place.
 E = Time spent auto-exploring this place.
 F = Levels seen in this place.
 G = Mean time per level.
                   A        B        C        D        E       F      G
               +--------+--------+--------+--------+--------+-----+--------+
         Total |  10268 |   9925 |    343 |   1792 |   6251 |  10 | 1026.8 |
       Dungeon |   9988 |   9660 |    328 |   1792 |   5986 |   9 | 1109.8 |
        Temple |    279 |    265 |     14 |      0 |    265 |   1 |  279.0 |
               +--------+--------+--------+--------+--------+-----+--------+

Top non-repeatable levels by time:
     D:5: 1716 daAuts
     D:6: 1690 daAuts
     D:8: 1559 daAuts
     D:4: 1401 daAuts
     D:3: 1024 daAuts
     D:7: 888 daAuts
     D:2: 791 daAuts
     D:1: 775 daAuts
  Temple: 279 daAuts
     D:9: 143 daAuts
